 Dungeon Crawl Stone Soup version 0.32-a0-468-g38b2580584 (webtiles) character file.

Game seed: 14583704991898697573

9 Esekla the Sneak (level 2, 21/21 HPs)
             Began as an Octopode Delver on Feb 25, 2024.
             Quit the game on level 5 of the Dungeon.
             The game lasted 00:01:30 (56 turns).

Esekla the Sneak (Octopode Delver)                    Turns: 56, Time: 00:01:31

Health: 21/21      AC:  1    Str: 11    XL:     2   Next: 12%
Magic:  2/2        EV: 13    Int: 12    God:
Gold:   0          SH:  0    Dex: 13    Spells: 1/1 levels left

rFire   . . .        a - +0 falchion
rCold   . . .        (no shield)
rNeg    . . .        (helmet restricted)
rPois   .            (no amulet)
rElec   .            (no ring)
rCorr   .            (no ring)
SInv    .            (no ring)
Will    .....        (no ring)
Stlth   ++++         (no ring)
HPRegen 0.23/turn    (no ring)
MPRegen 0.08/turn    (no ring)
                     (no ring)

%: no passive effects
@: no status effects
A: almost no armour, amphibious, 8 rings, camouflage 1, gelatinous body 1,
(nimble swimmer 1), tentacles
a: no special abilities


You were on level 5 of the Dungeon.
You visited 1 branch of the dungeon, and saw 1 of its levels.

Inventory:

Hand Weapons
 a - a +0 falchion (weapon)
Wands
 f - a wand of digging (3)
Scrolls
 b - a scroll of fog
Potions
 e - a potion of haste


   Skills:
 * Level 3.1 Fighting
 + Level 2.0 Long Blades
 * Level 2.1 Dodging
 + Level 6.8 Stealth
 * Level 0.2 Spellcasting


You had one spell level left.
You didn't know any spells.
Your spell library was empty.

Dungeon Overview and Level Annotations

Branches:
Dungeon (5/15)
 Temple: D:4-7

Altars:
Ru


Innate Abilities, Weirdness & Mutations

You cannot wear most types of armour.
You are amphibious.
You can wear up to eight rings at the same time.
Your skin changes colour to match your surroundings (Stealth+).
Your rubbery body absorbs attacks. (AC +1, EV +1)
((You are camouflaged when in or above water. (Stealth+)))
You have tentacles for arms and can constrict up to eight enemies at once.


Message History

Welcome, Esekla the Octopode Delver.
They say the Orb of Zot lies within this dungeon, but they say a lot of things.
Press ? for a list of commands and other information.
Found a stone staircase leading down.
There is a stone staircase leading down here.
As you read the scroll of revelation, it crumbles to dust.
You feel aware of your surroundings.
You sensed 1 altar.
A howler monkey comes into view.
The howler monkey howls!
The howler monkey barely misses you.
The howler monkey hoots and howls with incredible vigour!
You hear an angry hiss. x2; You hear a bark!
You hear a shout! x2
You hear an angry hiss.
You hear a bark!
The howler monkey misses you. The howler monkey closely misses you.
As you read the scroll of fear, it crumbles to dust.
You assume a fearsome visage.
The howler monkey looks frightened!
An adder comes into view.
You hit the adder. Your grab misses the adder. Your squeeze misses the adder.
The adder is lightly wounded.
The adder misses you.
You hit the adder. You grab the adder.
The adder is severely wounded.
You constrict the adder. The adder bites you. The adder closely misses you.
You hit the adder but do no damage.
The adder is severely wounded.
You constrict the adder. The adder barely misses you. The adder misses you.
You hit the adder.
You kill the adder!
You have reached level 2!
An ice beast comes into view.
Found a sacrificial altar of Ru.
Are you sure you want to abandon this character and quit the game? (Confirm with "yes".)

#####.......#,,..
##...........#,,..
#............#####
#.........h.......
########.............#.##
##.S..........#######.#.##
#..######.....# ###...
#.###################*####
#..†.....@...........* ##
#.#...#...#...#...#..* ##
#..................._* ##
###...#...#...#...#..* *
#.................Y.* *
####################* *


There were no monsters in sight!

Vanquished Creatures
  An adder (D:5)
1 creature vanquished.

Notes
Turn   | Place    | Note
-------+----------+-------------------------------------------
     0 | D:5      | Esekla the Octopode Delver began the quest for the Orb.
     0 | D:5      | Reached XP level 1. HP: 16/16 MP: 1/1
    17 | D:5      | Noticed a howler monkey
    43 | D:5      | Reached XP level 2. HP: 20/21 MP: 2/2
    51 | D:5      | Found a sacrificial altar of Ru.
    51 | D:5      | Noticed an ice beast
    56 | D:5      | Quit the game

Illustrated notes

Levels and vault maps discovered:
D:5:      layout_basic, lemuel_coloured_pillars_altar, uniq_ijyb

Action                     || total
---------------------------++-------
  Melee: Falchion          ||     4
         Constrict         ||     1
    Use: Scroll            ||     2
 Armour: Skin              ||     1
  Dodge: Dodged            ||     7

Table legend: (Time is in decaauts)
 A = Elapsed time spent in this place.
 B = Non-inter-level travel time spent in this place.
 C = Inter-level travel time spent in this place.
 D = Time resting spent in this place.
 E = Time spent auto-exploring this place.
 F = Levels seen in this place.
 G = Mean time per level.
                   A        B        C        D        E       F      G
               +--------+--------+--------+--------+--------+-----+--------+
         Total |     56 |     56 |      0 |      0 |      0 |   1 |   56.0 |
       Dungeon |     56 |     56 |      0 |      0 |      0 |   1 |   56.0 |
               +--------+--------+--------+--------+--------+-----+--------+

Top non-repeatable levels by time:
     D:5: 56 daAuts
